 Dungeon Crawl Stone Soup version 0.19.0-2-gae57169 (webtiles) character file.

115029 sleepydude the Warrior (level 16, -1/154 HPs)
             Began as a Minotaur Berserker on Nov 5, 2016.
             Was the Champion of Trog.
             Slain by a ghost moth (12 damage)
             ... on level 4 of the Spider Nest.
             The game lasted 01:23:27 (25367 turns).

sleepydude the Warrior (Minotaur Berserker)        Turns: 25367, Time: 01:23:28

Health: -1/154     AC: 32    Str: 36      XL:     16   Next: 17%
Magic:  5/15       EV: 24    Int:  5 (6)  God:    Trog [******]
Gold:   217        SH:  0    Dex: 17      Spells: 0 memorised, 15 levels left

rFire  . . .     SeeInvis .     w - +3 flail (venom)
rCold  + . .     Gourm    .     O - +2 plate armour {rC+}
rNeg   . . .     Faith    .     S - +2 buckler {AC+3}
rPois  +         Spirit   .     (helmet restricted)
rElec  +         Reflect  .     I - +2 cloak
rCorr  .         Harm     +     d - +2 pair of gloves
MR     ++...     Clarity  +     M - +1 pair of boots
Stlth  ..........               U - amulet "Nureijep" {Harm *Drain rPois Stlth+}
                                R - ring "Ygisoiq" {rElec MR+ Stlth+}
                                Q - +4 ring of strength

@: confused, mighty, agile, very slightly contaminated, hasted, studying
Shields, very quick
A: retaliatory headbutt, horns 2, clarity, clever 1
a: Berserk, Trog's Hand, Brothers in Arms, Burn Spellbooks, Renounce Religion


You were on level 4 of the Spider Nest.
You worshipped Trog.
Trog was exalted by your worship.
You were not hungry.

You visited 4 branches of the dungeon, and saw 24 of its levels.
You also visited: Bailey.

You collected 1810 gold pieces.
You spent 1593 gold pieces at shops.

Inventory:

Hand Weapons
 v - a +1 great mace of protection
 w - a +3 flail of venom (weapon)
 T - a +3 antimagic executioner's axe
Armour
 d - a +2 pair of gloves (worn)
 G - a +0 plate armour
 H - the +0 cloak "Lebifisu" {+Blink rCorr SInv}
   (You acquired it on level 2 of the Spider Nest)

   It lets you see invisible.
   It lets you blink.
   It protects you from acid and corrosion.
 I - a +2 cloak (worn)
 M - a +1 pair of boots (worn)
 O - a +2 plate armour of cold resistance (worn)
 P - +0 fire dragon scales
 S - a +2 buckler of protection (worn)
Jewellery
 a - an uncursed amulet of regeneration
 g - an uncursed ring of protection from magic
 q - a +4 ring of dexterity
 r - an uncursed ring of stealth
 J - a +2 ring of evasion
 L - an uncursed ring of positive energy
 Q - a +4 ring of strength (left hand)
 R - the ring "Ygisoiq" (right hand) {rElec MR+ Stlth+}
   (You found it on level 6 of the Lair of Beasts)

   [ring of protection from magic]

   It insulates you from electricity.
   It affects your resistance to hostile enchantments.
   It makes you more stealthy.
 U - the amulet "Nureijep" (around neck) {Harm *Drain rPois Stlth+}
   (You bought it in a shop on level 2 of the Orcish Mines)

   [amulet of harm]

   It increases damage dealt and taken.
   It protects you from poison.
   It causes draining when unequipped.
   It makes you more stealthy.
 Z - an uncursed ring of poison resistance
Scrolls
 b - a scroll of fog
 f - 4 scrolls of identify {@r1}
 h - 11 scrolls of magic mapping
 t - a scroll of enchant weapon
 x - a scroll of recharging
 y - a scroll of silence
 B - 5 scrolls of remove curse {@r2}
 F - 2 scrolls of enchant armour
 K - a scroll of holy word {unknown}
Potions
 c - 2 potions of magic
 e - 4 potions of curing {@q1}
 j - a potion of resistance
 k - 2 potions of berserk rage
 l - 4 potions of flight
 m - a potion of ambrosia
 o - a potion of agility
 p - 3 potions of cure mutation
 z - a potion of might
 C - 2 potions of haste
 D - 6 potions of brilliance
 V - a potion of experience
Books
 W - a manual of Shields
 X - a manual of Shields
Miscellaneous
 u - a lamp of fire
Comestibles
 i - 4 slices of pizza
 n - 9 bread rations
 A - 6 meat rations


   Skills:
 + Level 16.9 Fighting
 - Level 16.1 Maces & Flails
 + Level 16.6 Armour
 + Level 15.2 Dodging
 + Level 12.4 Shields


You had 15 spell levels left.
You didn't know any spells.

Dungeon Overview and Level Annotations

Branches:
Dungeon (12/15)            Temple (0/1) D:4            Lair (6/6) D:11
  Swamp (0/4) Lair:4       Spider (4/4) Lair:4        Slime (0/5) Lair:6
    Orc (2/2) D:12            Elf (0/3) Orc:2

Altars:
Nemelex Xobeh

Shops:
D:4 (   D:11 [   Orc:2 (=:[

Annotations:
Lair:6 exclusion: oklob plant


Innate Abilities, Weirdness & Mutations

You reflexively headbutt those who attack you in melee.
You have a pair of horns on your head.
You possess an exceptional clarity of mind.
Your mind is acute. (Int +2)


Message History

The emperor scorpion is heavily wounded.
You block something's attack. Something hits you but does no damage.
Something stings you but does no damage.
The emperor scorpion stings you but does no damage.
You block the emperor scorpion's attack.
The emperor scorpion claws you but does no damage.
The jumping spider leaps!
You sock the emperor scorpion! You headbutt the emperor scorpion!!
The emperor scorpion is almost dead.
You block the wolf spider's attack. The wolf spider completely misses you.
The orb of destruction hits you!
* * * LOW HITPOINT WARNING * * *
Your iron troll closely misses the emperor scorpion.
Your iron troll claws the emperor scorpion!!
The emperor scorpion dies!
Trog accepts your kill.
You feel your dexterity returning.
You are confused.
You feel invigorated. Something hits you!
You die...

^............#
.............##
..............#
.≈s.........^#
#...§.....^^##
..#.s§.≈#≈^...^#
..^...§^#.....^#
#....†@sy....^#
#..§T.#{y....^#
#†....##^≈....#
#....^.##....≈.
##†....^≈#.....^
#.†.....^#≈.....
#^†.....≈# .....
#s......## s...≈
#...^...#


You could see a wolf spider, an orb spider, 2 hornets, a jumping spider, a
tarantella and a friendly iron troll (berserk).

Vanquished Creatures
  Arachne (Spider:2)
  Kirke (Lair:5)
  4 emperor scorpions
  A ghost moth (Spider:1)
  3 entropy weavers
  Nessos (Orc:2)
  A spark wasp (Spider:4)
  Snorg (Orc:2)
  A fire dragon (Lair:6)
  Harold (D:10)
  Erolcha (D:9)
  6 hydras
  A queen ant (Lair:6)
  6 death yaks (Lair:5)
  4 ogre magi (Orc:2)
  Sonja (Orc:2)
  An unseen horror (D:12)
  An orc knight (Bailey)
  A lindwurm (Lair:6)
  2 hill giants
  7 orb spiders
  26 wolf spiders
  4 orc sorcerers
  The ghost of Jane the Carver, a novice TeFi of Dithmenos (D:7)
  8 black mambas
  3 molten gargoyles (Lair:6)
  Psyche (D:12)
  A torpor snail (Spider:1)
  8 spiny frogs
  9 komodo dragons
  8 demonic crawlers
  A kobold demonologist (D:12)
  22 jumping spiders
  4 polar bears
  4 trolls
  7 blink frogs
  The ghost of Jane the Charmwright, an amateur MfSk (D:3)
  Prince Ribbit (D:9)
  8 hornets
  15 two-headed ogres
  4 hippogriffs
  79 redbacks
  Sigmund (D:5)
  25 tarantellas
  A vampire (D:12)
  A water elemental (D:11)
  5 wyverns
  27 yaks
  Eustachio (D:5)
  12 basilisks
  2 steam dragons
  5 vampire mosquitoes (Lair:4)
  2 mottled dragons (Lair:6)
  21 soldier ants (Lair:6)
  3 wargs
  4 hell hounds (Lair:6)
  9 porcupines
  17 water moccasins
  3 sky beasts
  27 orc warriors
  A black bear (D:9)
  6 ice beasts
  2 necrophages
  35 ogres
  5 centaurs
  6 crocodiles
  13 wolves
  2 big kobolds
  19 bullfrogs
  2 wyvern zombies (D:11)
  A hornet simulacrum (D:10)
  A water moccasin zombie (D:8)
  4 scorpions
  4 wights (D:6)
  3 electric eels
  4 lava snakes (Lair:6)
  8 crimson imps
  2 quasits
  A centaur zombie (D:10)
  3 jellies (D:10)
  10 hounds
  A centaur skeleton (D:7)
  19 orc priests
  21 orc wizards
  Crazy Yiuf (D:7)
  3 bullfrog skeletons
  3 iguanas
  29 worker ants
  6 hell rats (Lair:3)
  A killer bee simulacrum (D:10)
  A worker ant zombie (D:11)
  10 adders
  3 white imps (D:10)
  An ufetubus (D:10)
  2 worms
  2 dart slugs
  5 leopard geckos
  72 orcs
  4 giant cockroaches
  3 hobgoblins
  11 jackals
  4 quokkas
  2 ball pythons
  5 bats
  6 frilled lizards
  7 goblins
  A jackal skeleton (D:5)
  16 kobolds
  A leopard gecko zombie (D:7)
  A quokka zombie (D:7)
  6 rats
  2 fungi (D:7)
808 creatures vanquished.

Vanquished Creatures (collateral kills)
  An emperor scorpion (Spider:4)
  An orb spider (Spider:1)
  A jumping spider (Spider:4)
  A redback (Spider:4)
  A tarantella (Spider:4)
5 creatures vanquished.

Vanquished Creatures (others)
  A tarantella (Spider:3)
  2 humans (Lair:6)
  A soldier ant (Lair:6)
  An orc priest (Orc:2)
  2 worker ants (Lair:6)
  4 fungi
  2 plants
13 creatures vanquished.

Grand Total: 826 creatures vanquished

Notes
Turn   | Place    | Note
-------+----------+-------------------------------------------
     0 | D:1      | sleepydude the Minotaur Berserker began the quest for the Orb.
     0 | D:1      | Reached XP level 1. HP: 19/19 MP: 0/0
   278 | D:1      | Reached XP level 2. HP: 16/27 MP: 1/1
  1082 | D:2      | Reached XP level 3. HP: 15/33 MP: 2/2
  1414 | D:2      | Reached ** piety under Trog
  1802 | D:3      | Noticed Jane's ghost (amateur MfSk)
  1813 | D:3      | Killed Jane's ghost
  1813 | D:3      | Reached skill level 5 in Fighting
  1813 | D:3      | Reached skill level 5 in Maces & Flails
  1813 | D:3      | Reached XP level 4. HP: 30/42 MP: 3/3
  1813 | D:3      | Reached XP level 5. HP: 35/48 MP: 4/4
  2123 | D:3      | Found a faded altar of an unknown god.
  2137 | D:3      | Reached XP level 6. HP: 43/56 MP: 5/5
  2615 | D:3      | Noticed a hippogriff
  2622 | D:3      | Killed a hippogriff
  2622 | D:3      | Reached skill level 5 in Armour
  2937 | D:4      | Reached XP level 7. HP: 44/62 MP: 6/6
  3354 | D:4      | Found a staircase to the Ecumenical Temple.
  3517 | D:4      | Reached skill level 5 in Dodging
  3592 | D:4      | Found Naciskue's Weapon Shop.
  3835 | D:5      | Entered Level 5 of the Dungeon
  3873 | D:5      | Reached *** piety under Trog
  3916 | D:5      | Reached XP level 8. HP: 71/71 MP: 7/7
  4087 | D:5      | Noticed Eustachio
  4107 | D:5      | Killed Eustachio
  4337 | D:5      | Noticed Sigmund
  4354 | D:5      | Killed Sigmund
  4894 | D:6      | Reached XP level 9. HP: 75/81 MP: 8/8
  5459 | D:6      | Reached **** piety under Trog
  6156 | D:7      | Noticed Jane's ghost (novice TeFi)
  6165 | D:7      | Killed Jane's ghost
  6165 | D:7      | Reached XP level 10. HP: 91/91 MP: 9/9
  6594 | D:7      | Found a runed door.
  6598 | D:7      | Noticed Crazy Yiuf
  6601 | D:7      | Killed Crazy Yiuf
  6667 | D:8      | Reached ***** piety under Trog
  7409 | D:9      | Noticed Erolcha
  7417 | D:9      | Killed Erolcha
  7417 | D:9      | Reached skill level 10 in Fighting
  7417 | D:9      | Reached skill level 10 in Maces & Flails
  7602 | D:9      | Reached skill level 10 in Armour
  7728 | D:9      | Found a sparkling altar of Nemelex Xobeh.
  7730 | D:9      | Noticed Prince Ribbit
  7736 | D:9      | Killed Prince Ribbit
  8172 | D:10     | Entered Level 10 of the Dungeon
  8239 | D:10     | Received a gift from Trog
  8267 | D:10     | Noticed a hill giant
  8309 | D:10     | Killed a hill giant
  8309 | D:10     | Reached XP level 11. HP: 101/101 MP: 10/10
  8810 | D:10     | Noticed Harold
  8825 | D:10     | Killed Harold
  8990 | D:10     | Reached skill level 10 in Dodging
  9405 | D:11     | Found a staircase to the Lair.
  9790 | D:11     | Found Kahah's Antique Armour Shoppe.
 10010 | D:12     | Killed an unseen horror
 10065 | D:12     | Noticed Psyche
 10076 | D:12     | Killed Psyche
 10163 | D:12     | Received a gift from Trog
 10338 | D:12     | Found a staircase to the Orcish Mines.
 10432 | D:11     | Noticed a hill giant
 10444 | D:11     | Killed a hill giant
 10497 | Lair:1   | Entered Level 1 of the Lair of Beasts
 10541 | Lair:1   | Reached XP level 12. HP: 81/112 MP: 11/11
 11221 | Lair:1   | Noticed an eight-headed hydra
 11226 | Lair:1   | Killed an eight-headed hydra
 12051 | Lair:3   | Noticed an eight-headed hydra
 12062 | Lair:3   | Killed an eight-headed hydra
 12765 | Lair:4   | Reached ****** piety under Trog
 12778 | Lair:4   | Received a gift from Trog
 12952 | Lair:4   | Found a staircase to the Swamp.
 12975 | Lair:4   | Found a hole to the Spider Nest.
 13570 | Lair:5   | Noticed a death yak
 13571 | Lair:5   | Noticed a death yak
 13571 | Lair:5   | Noticed a death yak
 13572 | Lair:5   | Noticed a death yak
 13574 | Lair:5   | Noticed a death yak
 13575 | Lair:5   | Noticed a death yak
 13583 | Lair:5   | Killed a death yak
 13583 | Lair:5   | Reached XP level 13. HP: 109/122 MP: 12/12
 14312 | Lair:6   | Entered Level 6 of the Lair of Beasts
 14344 | Lair:6   | Found a staircase to the Slime Pits.
 15280 | Lair:6   | Noticed an entropy weaver
 15288 | Lair:6   | Killed an entropy weaver
 15488 | Lair:6   | Noticed an entropy weaver
 15492 | Lair:6   | Received a gift from Trog
 15501 | Lair:6   | Noticed Kirke
 15504 | Lair:6   | Killed an entropy weaver
 15515 | Lair:5   | HP: 6/125 [poisoned by a queen ant]
 15520 | Lair:6   | HP: 4/125 [poisoned by a queen ant]
 15525 | Lair:6   | HP: 5/125 [poisoned by a queen ant]
 15617 | Lair:5   | Killed Kirke
 15730 | Lair:6   | Reached XP level 14. HP: 125/133 MP: 13/13
 15888 | Lair:6   | Found a large runed door.
 15890 | Lair:6   | Found a large runed door.
 16741 | Lair:6   | Reached skill level 15 in Fighting
 16790 | Lair:6   | Got a smoking copper ring
 16803 | Lair:6   | Identified the ring "Ygisoiq" {rElec MR+ Stlth+} (You found it on level 6 of the Lair of Beasts)
 16861 | Lair:6   | Reached skill level 15 in Maces & Flails
 16984 | D:11     | Bought a shiny buckler for 157 gold pieces
 17043 | Orc:1    | Entered Level 1 of the Orcish Mines
 17328 | Orc:1    | Found a flagged portal.
 17423 | Orc:1    | Reached skill level 1 in Shields
 17435 | Orc:1    | Received a gift from Trog
 17535 | Bailey   | Entered a bailey
 18356 | Orc:2    | Entered Level 2 of the Orcish Mines
 18568 | Orc:2    | Paralysed by an orc sorcerer for 4 turns
 18569 | Orc:2    | Noticed Snorg
 18585 | Orc:2    | Killed Snorg
 18892 | Orc:2    | Found a staircase to the Elven Halls.
 18897 | Orc:2    | Noticed Sonja
 19453 | Orc:2    | Reached skill level 15 in Armour
 19519 | Orc:2    | Reached skill level 5 in Shields
 19520 | Orc:2    | Found Solaahuh's Jewellery Emporium.
 19521 | Orc:2    | Found Exil's Weapon Boutique.
 19521 | Orc:2    | Found Vustronti's Book Emporium.
 19521 | Orc:2    | Found Aplooqol's Antique Armour Shop.
 19534 | Orc:2    | Bought a polished plate armour for 952 gold pieces
 19544 | Orc:2    | Identified the +1 plate armour of Beyond {rCorr Str-3 Int+10 Stlth+} (You bought it in a shop on level 2 of the Orcish Mines)
 19688 | Orc:2    | Killed Sonja
 19710 | Orc:2    | Received a gift from Trog
 19728 | Orc:2    | Bought the amulet "Nureijep" {Harm *Drain rPois Stlth+} for 484 gold pieces
 19850 | Orc:2    | Noticed Nessos
 19881 | Orc:2    | Killed Nessos
 20324 | Spider:1 | Entered Level 1 of the Spider Nest
 20633 | Spider:1 | Gained mutation: You possess an exceptional clarity of mind. [potion of beneficial mutation]
 21018 | Spider:1 | Reached XP level 15. HP: 142/143 MP: 14/14
 21802 | Spider:2 | Noticed Arachne
 21821 | Spider:2 | Killed Arachne
 21862 | Spider:1 | Killed a ghost moth
 22957 | Spider:2 | Identified a scroll of acquirement
 22960 | Spider:2 | Got a scorched cloak
 22971 | Spider:2 | Identified the +0 cloak "Lebifisu" {+Blink rCorr SInv} (You acquired it on level 2 of the Spider Nest)
 23155 | Spider:2 | Reached skill level 10 in Shields
 23613 | Spider:3 | Received a gift from Trog
 23628 | Spider:3 | Gained mutation: Your mind is acute. (Int +2) [potion of beneficial mutation]
 24488 | Spider:4 | Entered Level 4 of the Spider Nest
 24709 | Spider:3 | Received a gift from Trog
 25059 | Spider:4 | Reached skill level 15 in Dodging
 25083 | Spider:4 | Reached XP level 16. HP: 120/152 MP: 15/15
 25367 | Spider:4 | Slain by a ghost moth

Skill      XL: |  1  2  3  4  5  6  7  8  9 10 11 12 13 14 15 16 |
---------------+-------------------------------------------------+-----
Maces & Flails | 4 5 6 7 9 10 12 13 14 15 16 | 16.1
Fighting       | 4 5 6 8 9 10 12 13 14 15 16 | 16.9
Armour         | 3 4 5 6 7 9 10 11 13 14 15 16 | 16.6
Dodging        | 3 4 5 6 8 9 10 12 13 14 15 | 15.2
Shields        | 7 11 12 | 12.4

Action                   |  1- 3 |  4- 6 |  7- 9 | 10-12 | 13-15 | 16-18 || total
-------------------------+-------+-------+-------+-------+-------+-------++-------
Melee: Mace              |    74 |    59 |    89 |       |       |       ||   222
       Headbutt          |     7 |    13 |    51 |   175 |   316 |    22 ||   584
       Flail             |       |       |   103 |   177 |   359 |    69 ||   708
       Great mace        |       |       |       |   487 |   815 |       ||  1302
Invok: Berserk           |     3 |     1 |     7 |     5 |    15 |       ||    31
       Burn Spellbooks   |       |       |     1 |     3 |     3 |       ||     7
       Brothers in Arms  |       |       |       |       |       |     2 ||     2
  Use: Scroll            |       |     7 |       |     8 |    20 |     1 ||    36
       Potion            |       |       |       |       |     4 |     8 ||    12
 Stab: Sleeping          |     1 |       |       |       |       |       ||     1
  Eat: Chunk             |     1 |     5 |    15 |    26 |    34 |       ||    81
       Bread ration      |     1 |       |       |       |     5 |       ||     6
       Fruit             |       |       |       |     3 |     3 |       ||     6
       Beef jerky        |       |       |       |     2 |       |       ||     2
       Royal jelly       |       |       |       |     1 |       |       ||     1
       Meat ration       |       |       |       |       |     1 |       ||     1
       Pizza             |       |       |       |       |     1 |       ||     1
Armor: Animal skin       |    22 |    13 |     2 |       |       |       ||    37
       Ring mail         |       |       |    18 |       |       |       ||    18
       Chain mail        |       |       |    56 |       |       |       ||    56
       Plate armour      |       |       |     2 |   521 |   754 |    86 ||  1363
       Skin              |       |       |       |       |     4 |       ||     4
Dodge: Dodged            |    54 |    44 |   160 |   541 |   922 |    93 ||  1814
Block: Buckler           |       |       |       |       |   169 |    57 ||   226
